 Dungeon Crawl Stone Soup version 0.30.1 (webtiles) character file.

Game seed: 207941175539861363

448 Pepete the Magician (level 7, -2/45 HPs)
             Began as a Djinni Fire Elementalist on July 10, 2023.
             Slain by a bullfrog (8 damage)
             ... on level 4 of the Dungeon.
             The game lasted 00:05:12 (2558 turns).

Pepete the Magician (Djinni Fire Elementalist)      Turns: 2558, Time: 00:05:12

Health: -2/45      AC:  2    Str:  7    XL:     7   Next: 24%
Gold:   150        EV: 12    Int: 18    God:
                   SH:  0    Dex: 14

rFire   + + .        (no weapon)
rCold   x . .        (no shield)
rNeg    . . .        a - +0 robe
rPois   ∞            (no helmet)
rElec   .            (no cloak)
rCorr   .            (no gloves)
SInv    .            (boots unavailable)
Will    .....        b - amulet of regeneration
Stlth   ++           (no ring)
HPRegen 1.07/turn    (no ring)
MPRegen 0.00/turn

%: infuse magic (-3 HP)
@: flying, very slightly contaminated
A: sickness immunity, fire resistance 2, cold vulnerability 1, float, innate
caster, HP casting, extra vitality 1
a: no special abilities


You were on level 4 of the Dungeon.
You visited 1 branch of the dungeon, and saw 4 of its levels.
You also visited: Sewer.

You collected 150 gold pieces.

Inventory:

Armour
 a - a +0 robe (worn)
Jewellery
 b - an amulet of regeneration (around neck)
Scrolls
 c - a scroll of silence
 f - 2 scrolls of torment
 g - a scroll of noise
 j - a scroll of immolation
Potions
 d - a potion of attraction
 e - 2 potions of berserk rage
 h - a potion of invisibility {unknown}
 i - a potion of brilliance
 m - a potion of curing
 n - a potion of heal wounds


   Skills:
 * Level 4.4 Armour
 - Level 2.6 Dodging
 - Level 2.0 Stealth
 * Level 4.4 Spellcasting


You knew the following spells:

 Your Spells              Type           Power      Damage    Failure   Level
a - Foxfire               Conj/Fire      80%        2x1d8     2%          1
b - Scorch                Fire           40%        2d6       3%          2
c - Volatile Blastmotes   Fire/Tloc      40%        2d13      7%          3
d - Inner Flame           Hex/Fire       20%        N/A       7%          3
e - Flame Wave            Conj/Fire      20%        2d7       22%         4
f - Kiss of Death         Conj/Necr      80%        2d11      2%          1
g - Static Discharge      Conj/Air       40%        2-4/arc   3%          2
h - Summon Guardian Gole  Hex/Summ       20%        N/A       7%          3
Your spell library was empty.

Dungeon Overview and Level Annotations

Branches:
Dungeon (4/15)              Sewer (visited)
 Temple: D:4-7

Altars:


Innate Abilities, Weirdness & Mutations

You are immune to sickness and miasma.
You are immune to poison.
Your flesh is very heat resistant. (rF++)
You are vulnerable to cold. (rC-)
You float through the air rather than walking.
You learn spells naturally, not from books.
Your magical power is your life essence.
You have superior vitality. (+4 MHP)


Message History

You hear a croak.
The adder bites you but does no damage. The adder closely misses you.
The iguana bites you!
Casting: Scorch (safe; 3% risk of failure)
Confirm with . or Enter, or press ? or * to list all spells.
Flames lash the iguana.
You kill the iguana!
* * * LOW HITPOINT WARNING * * *
A bullfrog comes into view.
The adder misses you.
Casting: Scorch (safe; 3% risk of failure)
Confirm with . or Enter, or press ? or * to list all spells.
You miscast Scorch.
You are very lightly contaminated with residual magic.
Nothing appears to happen.
* * * LOW HITPOINT WARNING * * *
The adder bites you.
* * * LOW HITPOINT WARNING * * *
Casting: Scorch (safe; 3% risk of failure)
Confirm with . or Enter, or press ? or * to list all spells.
Flames lash the adder.
The adder is burned terribly!
You kill the adder!
* * * LOW HITPOINT WARNING * * *
Unknown command.
Casting: Scorch (safe; 3% risk of failure)
Confirm with . or Enter, or press ? or * to list all spells.
Flames lash the bullfrog.
The bullfrog is heavily wounded.
The bullfrog's fire resistance burns away.
* * * LOW HITPOINT WARNING * * *
Unknown command.
Casting: Scorch (safe; 3% risk of failure)
Confirm with . or Enter, or press ? or * to list all spells.
Flames lash the bullfrog.
The bullfrog is burned terribly!
The bullfrog is almost dead.
* * * LOW HITPOINT WARNING * * *
The bullfrog hits you.
* * * LOW HITPOINT WARNING * * *
The bullfrog hits you!
You die...

# .#. #....
#.#.# ###.
#.#.###....
......).
...†. #F.#
#@.#
#..######.
#.........
##.######.
#......#
######.#
#.# #.# #.#
#


You could see a bullfrog (combustible).

Vanquished Creatures
  Grinder (D:3)
  A kobold brigand (Sewer)
  Jessica (D:2)
  An iguana (D:4)
  6 adders
  2 river rats (Sewer)
  2 worms
  6 endoplasms
  6 giant cockroaches
  3 goblins
  5 hobgoblins
  2 jackals (Sewer)
  3 quokkas
  8 ball pythons
  2 bats
  5 frilled lizards
  5 kobolds
  10 rats
69 creatures vanquished.

Vanquished Creatures (others)
  382 foxfires
382 creatures vanquished.

Grand Total: 451 creatures vanquished

Notes
Turn   | Place    | Note
-------+----------+-------------------------------------------
     0 | D:1      | Pepete the Djinni Fire Elementalist began the quest for the
                  | Orb.
     0 | D:1      | Pepete set off with the following spells memorised:
                  | Foxfire, Scorch, Volatile Blastmotes, Inner Flame, Flame
                  | Wave.
     0 | D:1      | Reached XP level 1. HP: 15/15 MP: 0/0
    89 | D:1      | Reached XP level 2. HP: 20/21 MP: 0/0
   276 | D:1      | Found a faded altar of an unknown god.
   665 | D:2      | Reached XP level 3. HP: 22/25 MP: 0/0
   665 | D:2      | Learned a level 1 spell: Kiss of Death
   948 | D:2      | Reached skill level 1 in Armour
  1211 | D:2      | Noticed Jessica
  1216 | D:2      | Killed Jessica
  1217 | D:2      | Reached XP level 4. HP: 30/31 MP: 0/0
  1476 | D:3      | Noticed Grinder
  1483 | D:3      | Paralysed by Grinder for 2 turns
  1488 | D:3      | Killed Grinder
  1489 | D:3      | Reached XP level 5. HP: 26/35 MP: 0/0
  1489 | D:3      | Learned a level 2 spell: Static Discharge
  1489 | D:3      | Reached XP level 6. HP: 29/40 MP: 0/0
  2070 | D:3      | Found a glowing drain.
  2076 | Sewer    | Entered a sewer
  2167 | Sewer    | Reached XP level 7. HP: 45/45 MP: 0/0
  2167 | Sewer    | Learned a level 3 spell: Summon Guardian Golem
  2196 | Sewer    | Found a white marble altar of Elyvilon.
  2558 | D:4      | Slain by a bullfrog

Illustrated notes

Levels and vault maps discovered:
D:1:      lemuel_arrival_rhombus, layout_basic, basic_ecumenical_altar
D:2:      layout_basic, uniq_jessica
D:3:      layout_loops_ring, gup_sewer_entry_bubbles, uniq_grinder
D:4:      layout_loops_ring, hangedman_decor_points, corexii_hall_statues_i,
          uniq_menkaure

Skill      XL: |  1  2  3  4  5  6 |
---------------+-------------------+-----
Stealth        | 2 |  2.0
Armour         | 1 3 4 |  4.4
Spellcasting   | 3 4 |  4.4
Dodging        | |  2.6

Action                     |  1- 3 |  4- 6 |  7- 9 || total
---------------------------+-------+-------+-------++-------
   Cast: Foxfire           |   101 |    95 |    27 ||   223
         Scorch            |       |     8 |     6 ||    14
    Use: Scroll            |       |       |     6 ||     6
         Potion            |       |       |     2 ||     2
 Armour: Robe              |     1 |       |     1 ||     2
  Dodge: Dodged            |     5 |     5 |     5 ||    15
